AoeStats
← Niko0

Arena

510453832Analyzed
1v1 RM · 18h ago on Oct 1, 2026· 33m 0s· 2 players
Game mode
Random Map
Map size
Tiny (2 player)
Population
200
Speed
Normal
Resources
Standard
Victory
Conquest
Starting age
Dark Age
Ending age
Imperial Age
RankedLock teamsTeams togetherTeam positionsShared explorationLock speedFull tech treeHidden civsTurbo modeCheats
Victory
Defeat
🇨🇳 Khmer · China
880
+17
🇦🇷 Japanese · Argentina
891
-17
高棉总督
11:03 Feudal Age
14:39 Castle Age
13:09 Double-Bit Axe
13:06 Horse Collar
16:25 Bow Saw
16:45 Loom
22:19 Wheelbarrow
21:48 Gold Mining
22:56 Heavy Plow
22:58 Town Watch
23:49 Hand Cart
25:18 Husbandry
25:29 Bloodlines
26:18 Gold Shaft Mining
25:59 Light Cavalry
31:27 Forging
31:22 Scale Barding Armor
32:02 Scale Barding Armor
Niko0
11:01 Feudal Age
16:00 Castle Age
14:08 Horse Collar
14:18 Double-Bit Axe
14:26 Loom
17:28 Stone Mining
17:39 Heavy Plow
17:51 Bow Saw
23:51 Scale Mail Armor
24:01 Forging
26:32 Town Watch
27:23 Wheelbarrow
29:44 Imperial Age
30:14 Hand Cart
29:32 Pikeman
Connection lost

Rejoining the realm…

Still unreachable

The connection could not be restored.

Session expired

The server has moved on; the page needs a fresh start.